 Dungeon Crawl Stone Soup version 0.29.1-15-g9cfb28693d (webtiles) character file.

Game seed: 1512266186645979513

56 croobank the Sneak (level 3, -5/26 HPs)
             Began as an Octopode Delver on Mar 11, 2023.
             Slain by a wraith (13 damage)
             ... in an ossuary.
             The game lasted 00:03:38 (527 turns).

croobank the Sneak (Octopode Delver)                 Turns: 527, Time: 00:03:39

Health: -5/26      AC:  1    Str: 11    XL:     3   Next: 97%
Magic:  3/3        EV: 13    Int: 14    God:
Gold:   36         SH:  0    Dex: 13    Spells: 2/2 levels left

rFire   . . .      SeeInvis .   a - +0 hand axe
rCold   . . .      Faith    .   (no shield)
rNeg    . . .      Spirit   .   (helmet restricted)
rPois   .          Reflect  .   (no amulet)
rElec   .          Harm     .   (no ring)
rCorr   .          Rampage  .   (no ring)
Will    .....                   (no ring)
Stlth   ++++......              (no ring)
HPRegen 0.08/turn               (no ring)
MPRegen 0.08/turn               (no ring)
                                (no ring)
                                (no ring)

@: hasted and slowed
A: almost no armour, amphibious, 8 rings, camouflage 1, gelatinous body 1,
(nimble swimmer 1), tentacles
a: no special abilities


You were in an ossuary.
You visited 1 branch of the dungeon, and saw 1 of its levels.
You also visited: Ossuary.

You collected 36 gold pieces.

Inventory:

Hand Weapons
 a - a +0 hand axe (weapon)
 b - a +0 sling
Wands
 f - a wand of digging (3)
Scrolls
 d - 2 scrolls of fear
 g - a scroll of identify {unknown}
 h - a scroll of magic mapping
 j - a scroll of teleportation {unknown}
 l - a scroll of fog
 n - a scroll of noise {unknown}
 o - a scroll of torment {unknown}
 r - a scroll of silence {unknown}
Potions
 c - 2 potions of heal wounds {unknown}
 i - a potion of attraction {unknown}
 m - 2 potions of flight {unknown}
 p - a potion of ambrosia {unknown}
 q - a potion of berserk rage {unknown}


   Skills:
 + Level 3.4 Fighting
 + Level 2.7 Axes
 + Level 2.6 Dodging
 + Level 7.1 Stealth


You had 2 spell levels left.
You didn't know any spells.
Your spell library was empty.

Dungeon Overview and Level Annotations

Branches:
Dungeon (5/15)            Ossuary (1/1)
 Temple: D:4-7

Altars:


Innate Abilities, Weirdness & Mutations

You cannot wear most types of armour.
You are amphibious.
You can wear up to eight rings at the same time.
Your skin changes colour to match your surroundings (Stealth+).
Your rubbery body absorbs attacks. (AC +1, EV +1)
((You are camouflaged when in or above water. (Stealth+)))
You have tentacles for arms and can constrict up to eight enemies at once.


Message History

You open the door.
There is an open door here.
Found five items.
Found three items.
You open the door.
Aiming: Iceblast
Press: ? - help, Shift-Dir - straight line The mass of ice explodes!
The iceblast engulfs the wraith.
The wraith is lightly damaged.
The wraith closely misses you.
Aiming: Iceblast
Press: ? - help, Shift-Dir - straight line The mass of ice explodes!
The iceblast engulfs the wraith.
The wraith partially resists.
The wraith is moderately damaged.
The wraith hits you. The wraith drains your vigour!
You feel yourself slow down.
Aiming: Iceblast
Press: ? - help, Shift-Dir - straight line The mass of ice explodes!
The iceblast engulfs the wraith.
The wraith partially resists.
The wraith is heavily damaged.
The now-empty wand crumbles to dust.
The wraith hits you!
You don't have any such object.
Evoke which item? (* to show all) (? for menu, Esc to quit)
Huh?
Evoke which item? (* to show all) (? for menu, Esc to quit)
Okay, then.
Okay, then.
Okay, then.
You feel yourself speed up. The wraith hits you! The wraith barely misses you.
a - a +0 hand axe (weapon)
You hit the wraith but do no damage.
The wraith is heavily damaged.
The wraith closely misses you. The wraith misses you.
You hit the wraith but do no damage.
The wraith is heavily damaged.
The wraith hits you!
Ouch! That really hurt!
You die...

#........................
#.∩.....................∩
#.......#####+#####......
#......##.... ..##.....
#.....##...#####.. ##....
#....##...##...##. ##...
#....#...##.??..## #...
#....'...W.?!?!..# +...
#....#..@##W!.?.## .#...
#....##...##...## ..##...
#.....##...#####...##....
#......##.........##.....
#.......#####+#####......
#.∩.....................∩
#........................
####'''##########
####...####


You could see a wraith.

Vanquished Creatures
  A mummy (Ossuary)
  2 adders (D:5)
  A shadow imp (D:5)
  5 gnoll skeletons (Ossuary)
  8 kobold skeletons (Ossuary)
  12 orc skeletons (Ossuary)
29 creatures vanquished.

Notes
Turn   | Place    | Note
-------+----------+-------------------------------------------
     0 | D:5      | croobank the Octopode Delver began the quest for the Orb.
     0 | D:5      | Reached XP level 1. HP: 16/16 MP: 1/1
    20 | D:5      | Reached XP level 2. HP: 18/21 MP: 2/2
    35 | D:5      | Reached XP level 3. HP: 8/26 MP: 3/3
   155 | D:5      | Found a sand-covered staircase.
   181 | Ossuary  | Entered an ossuary
   181 | Ossuary  | Noticed a wraith
   181 | Ossuary  | Noticed a wraith
   181 | Ossuary  | Noticed a wraith
   270 | Ossuary  | Reached skill level 7 in Stealth
   503 | Ossuary  | Noticed a wraith
   527 | Ossuary  | Slain by a wraith

Illustrated notes

Levels and vault maps discovered:
D:5:      layout_loops_ring, nicolae_ossuary_entry_ruins, uniq_sigmund,
          uniq_duvessa
Ossuary:  ossuary_due_mausoleum

Skill      XL: |  1  2  3 |
---------------+----------+-----
Stealth        | 7 |  7.1
Fighting       | |  3.4
Axes           | |  2.7
Dodging        | |  2.6

Action                   || total
-------------------------++-------
Melee: Hand axe          ||    16
       Constrict         ||     6
       Tentacles         ||     4
 Fire: Sling             ||    73
Evoke: Wand              ||     3
  Use: Scroll            ||     1
       Potion            ||     1
Armor: Skin              ||     1
Dodge: Dodged            ||    14
